 Dungeon Crawl Stone Soup version 0.24.1-14-gf8d2b509d9 (webtiles) character file.

Game seed: 17806711788232340779, levelgen mode: deterministic

393 Hugehornet the Cudgeler (level 6, -1/37 HPs)
             Began as a Gargoyle Fighter on May 22, 2020.
             Slain by an ogre
             ... wielding a +0 giant spiked club
              (24 damage)
             ... on level 4 of the Dungeon.
             The game lasted 00:03:25 (2764 turns).

Hugehornet the Cudgeler (Gargoyle Fighter)          Turns: 2764, Time: 00:03:26

Health: -1/37      AC: 11    Str: 20    XL:     6   Next: 81%
Magic:  6/6        EV:  7    Int: 10    God:
Gold:   106        SH: 10    Dex:  9    Spells: 5/5 levels left

rFire    . . .     SeeInvis .   a - +0 flail
rCold    . . .     Gourm    .   c - +1 shield
rNeg     + . .     Faith    .   b - +0 scale mail
rPois    ∞         Spirit   .   (no helmet)
rElec    +         Reflect  .   (no cloak)
rCorr    +         Harm     .   (no gloves)
MR       .....                  (no boots)
Stlth    ..........             (no amulet)
HPRegen  0.12/turn              h - ring of resist corrosion
MPRegen  0.10/turn              (no ring)

@: no status effects
A: negative energy resistance 1, electricity resistance, unbreathing,
petrification resistance, rot immunity, AC +4
a: no special abilities


You were on level 4 of the Dungeon.
You were not hungry.

You visited 1 branch of the dungeon, and saw 4 of its levels.

You collected 106 gold pieces.

Inventory:

Hand Weapons
 a - a +0 flail (weapon)
Armour
 b - a +0 scale mail (worn)
 c - a +1 shield (worn)
Jewellery
 h - a ring of resist corrosion (left hand)
Scrolls
 e - 4 scrolls of teleportation
 g - 2 scrolls of amnesia
 i - 2 scrolls of remove curse
 k - a scroll of immolation {unknown}
 l - 2 scrolls of fear
 m - a scroll of enchant weapon {unknown}
 p - a scroll of identify
Potions
 d - a potion of curing {unknown}
 j - a potion of cancellation
 n - a potion of haste
 o - a potion of invisibility {unknown}
Comestibles
 f - 11 rations


   Skills:
 - Level 3.2 Fighting
 + Level 7.1 Maces & Flails
 - Level 3.2 Armour
 - Level 3.2 Shields


You had 5 spell levels left.
You didn't know any spells.
Your spell library was empty.

Dungeon Overview and Level Annotations

Branches:
Dungeon (4/15)
 Temple: D:4-7

Altars:
Uskayaw
Xom
Yredelemnul

Annotations:
D:2 exclusion: door


Innate Abilities, Weirdness & Mutations

You are resistant to torment.
Your stone body is resilient. (AC +4)
You are immune to poison.
You resist negative energy. (rN+)
You are resistant to electric shocks. (rElec)
You can survive without breathing.
You are immune to petrification.
You are immune to rotting.


Message History

You closely miss the orc priest.
The orc priest looks satisfied for a moment.
Your scale mail prevents you from hitting the orc priest.
The orc wizard mumbles some strange words.
The orc wizard seems to speed up.
You block the orc priest's attack.
You barely miss the orc priest. You block the orc's attack.
The orc priest hits you but does no damage.
The orc wizard gestures wildly while chanting.
The orc wizard blinks!
Your shield and scale mail prevent you from hitting the orc priest.
The orc hits you but does no damage.
The orc priest hits you but does no damage.
You closely miss the orc priest. The orc barely misses you.
The orc priest calls down the wrath of Beogh upon you.
Beogh smites you!
You closely miss the orc wizard.
The orc wizard hits you but does no damage.
The ogre hits you with a +0 giant spiked club!!
Ouch! That really hurt!
You die...

## #. ##. ##.#...
#........... .....#
#..... ....# ###.....#.
#....###..#####..O......
#.....#...##...o@o....#
#........###..##.o....#
#.............###....##
..<........#### .......
......####.### ..#.#..
.....#####.#.# ..### .
.....###.#...# ..#
...........#........
.......##..##.....


You could see an ogre, an orc priest, an orc wizard and an orc.

Vanquished Creatures
  An ice beast (D:2)
  A centaur (D:3)
  An ogre (D:3)
  A centaur zombie (D:2)
  Terence (D:2)
  2 adders
  2 worms
  3 dart slugs
  2 leopard geckos
  2 orcs
  2 ball pythons
  5 bats
  4 giant cockroaches
  3 goblins
  4 hobgoblins
  2 jackals (D:3)
  A kobold (D:2)
  A quokka (D:2)
  4 frilled lizards
  6 rats
48 creatures vanquished.

Notes
Turn   | Place    | Note
-------+----------+-------------------------------------------
     0 | D:1      | Hugehornet the Gargoyle Fighter began the quest for the
                  | Orb.
     0 | D:1      | Reached XP level 1. HP: 14/14 MP: 1/1
   595 | D:1      | Reached XP level 2. HP: 19/19 MP: 2/2
   973 | D:2      | Reached skill level 3 in Maces & Flails
  1015 | D:2      | Reached skill level 4 in Maces & Flails
  1015 | D:2      | Reached XP level 3. HP: 14/23 MP: 3/3
  1161 | D:2      | Noticed Terence
  1170 | D:2      | Killed Terence
  1170 | D:2      | Reached XP level 4. HP: 26/28 MP: 4/4
  1355 | D:2      | Found a shimmering altar of Xom.
  1411 | D:2      | Noticed an ice beast
  1468 | D:2      | Killed an ice beast
  1468 | D:2      | Reached skill level 5 in Maces & Flails
  1468 | D:2      | Reached XP level 5. HP: 10/32 MP: 5/5
  1714 | D:2      | You fall into a shaft and drop 1 floor!
  1992 | D:3      | Noticed a centaur
  2001 | D:3      | Killed a centaur
  2001 | D:3      | Reached skill level 6 in Maces & Flails
  2001 | D:3      | Reached XP level 6. HP: 25/37 MP: 6/6
  2207 | D:3      | Reached skill level 7 in Maces & Flails
  2711 | D:4      | Found a basalt altar of Yredelemnul.
  2722 | D:4      | Found a hide-covered altar of Uskayaw.
  2764 | D:4      | Slain by an ogre

Levels and vault maps discovered:
D:1:      saegor_arrival_miasma, layout_basic
D:2:      layout_basic, lemuel_coloured_pillars_altar, first_ration,
          xom_teletrap_fun, uniq_terence
D:3:      layout_rooms
D:4:      layout_cave_pools, grunt_temple_overflow_gold_and_silver,
          kennysheep_mini_moat, minitemple, minmay_temple_entry_slanted,
          grunt_tough_drop, uniq_edmund

Skill      XL: |  1  2  3  4  5  6 |
---------------+-------------------+-----
Maces & Flails | 4 5 6 7 |  7.1
Fighting       | |  3.2
Armour         | |  3.2
Shields        | |  3.2

Action                   |  1- 3 |  4- 6 || total
-------------------------+-------+-------++-------
Melee: Flail             |    63 |    76 ||   139
       Whip              |       |   140 ||   140
  Use: Scroll            |       |     8 ||     8
       Potion            |       |     1 ||     1
  Eat: Chunk             |       |     6 ||     6
Armor: Scale mail        |    42 |    96 ||   138
Dodge: Dodged            |    10 |    55 ||    65
Block: Shield            |    21 |   102 ||   123
